 Dungeon Crawl Stone Soup version 0.17-a0-2028-g5c22979 (webtiles) character file.

235 Jackolantern the Skirmisher (level 5, -4/50 HPs)
             Began as a Deep Dwarf Abyssal Knight on Oct 10, 2015.
             Was a Believer of Lugonu.
             Slain by Duvessa
             ... wielding a +0 short sword
              (9 damage)
             ... on level 4 of the Dungeon.
             The game lasted 00:04:59 (933 turns).

Jackolantern the Skirmisher (DDAK)                   Turns: 933, Time: 00:04:59

Health: -4/50      AC: 10    Str: 17    XL:     5   Next: 76%
Magic:  7/7        EV:  7    Int: 12    God:    Lugonu [**....]
Gold:   43         SH:  0    Dex: 12    Spells: 0 memorised, 4 levels left

rFire  . . .     SeeInvis .     a - +1 mace
rCold  . . .     Clarity  .     o - +0 chain mail
rNeg   . . .     SustAt   .     (no shield)
rPois  .         Gourm    +     b - +0 helmet
rElec  .         Spirit   .     (no cloak)
rCorr  .         Warding  .     (no gloves)
rMut   .         Stasis   .     (no boots)
MR     .....                    g - amulet of the gourmand
Stlth  ..........               (no ring)
                                m - +2 ring of slaying

@: non-regenerating, not resistant to hostile enchantments, extremely unstealthy
A: damage resistance, recharge devices, sense surroundings 1, slow regeneration
3
a: Device Recharging, Depart the Abyss, Bend Space, Renounce Religion


You were on level 4 of the Dungeon.
You worshipped Lugonu.
Lugonu was pleased with you.
You were hungry.

You visited 1 branch of the dungeon, and saw 4 of its levels.
You visited the Abyss 1 time.

You collected 43 gold pieces.

Inventory:

Hand Weapons
 a - a +1 mace (weapon)
Armour
 b - a +0 helmet (worn)
 o - a +0 chain mail (worn)
Jewellery
 g - an amulet of the gourmand (around neck)
 m - a +2 ring of slaying (left hand)
Wands
 c - a wand of heal wounds (3)
Scrolls
 h - a scroll of fear {unknown}
 i - a scroll of remove curse {unknown}
 l - 4 scrolls of identify {unknown}
Potions
 e - 3 potions of curing {unknown}
 j - a potion of lignification {unknown}
 k - 2 potions of heal wounds {unknown}
 n - a potion of haste {unknown}
Comestibles
 d - 2 bread rations
 f - 2 meat rations


   Skills:
 + Level 4.2 Fighting
 + Level 2.7 Maces & Flails
 + Level 3.7 Armour
 - Level 1.4 Dodging
 * Level 4.0 Invocations
 + Level 0.6 Evocations


You had 4 spell levels left.
You didn't know any spells.

Dungeon Overview and Level Annotations

Branches:
Dungeon (4/15)
 Temple: D:4-7

Altars:
Kikubaaqudgha
The Shining One

Annotations:
D:4 Duvessa


Innate Abilities, Weirdness & Mutations

You are resistant to damage.
You can recharge devices by infusing magical energy.
You passively map a small area around you.
You do not regenerate naturally.


Message History

Duvessa barely misses you. Duvessa hits you with a short sword.
Unknown command.
Evoke which item? (* to show all) (? for menu, Esc to quit)
Zapping:
c - a wand of heal wounds (4)
Press: ? - help, Shift-Dir - straight line, f - you You feel much better.
This wand has 3 charges left.
Duvessa hits you with a short sword.
You hit Duvessa but do no damage.
Duvessa is lightly wounded.
Duvessa completely misses you. Duvessa hits you with a short sword!
You closely miss Duvessa.
Duvessa is lightly wounded.
Duvessa hits you with a short sword. Duvessa hits you with a short sword!
* * * LOW HITPOINT WARNING * * *
You hit Duvessa.
Duvessa is moderately wounded.
Duvessa hits you with a short sword.
* * * LOW HITPOINT WARNING * * *
Duvessa hits you with a short sword!
You die...

#.....#
#####.########.##
#.##.........
#.##.#....... ,*
#..#..#.?....
#.##...#....# * *
* #.##....#.$#, <
#..#e....#... ,
#...?..#.$@)...#
######.##....#....
#.##...#..# . *
#.##.[#......
#.##......#..
#.##........#
#.*###.##.## * *
.# ## * .# * * *


You could see Duvessa (berserk).

Vanquished Creatures
  The ghost of raysavage39 the Shooter, an amateur DrHu (D:4)
  Dowan (D:4)
  An orc wizard (D:4)
  A worm (D:2)
  2 giant geckos
  6 orcs
  4 bats
  2 giant cockroaches (D:2)
  2 hobgoblins (D:3)
  A ball python (D:2)
  2 giant newts (D:2)
  2 goblins (D:2)
  3 kobolds (D:2)
  5 rats
33 creatures vanquished.

Notes
Turn   | Place    | Note
--------------------------------------------------------------
     0 | Abyss:1  | Jackolantern the Deep Dwarf Abyssal Knight began the quest for the Orb.
     0 | Abyss:1  | Reached XP level 1. HP: 20/20 MP: 2/2
    12 | D:1      | Escaped the Abyss
    71 | D:2      | Reached skill level 3 in Fighting
   227 | D:2      | Found an ancient bone altar of Kikubaaqudgha.
   234 | D:2      | Reached XP level 2. HP: 22/28 MP: 3/3
   478 | D:2      | Acquired Lugonu's second power
   680 | D:3      | Found a glowing golden altar of the Shining One.
   696 | D:3      | Reached XP level 3. HP: 7/34 MP: 5/5
   794 | D:4      | Noticed raysavage39's ghost (amateur DrHu)
   865 | D:4      | Killed raysavage39's ghost
   865 | D:4      | Reached skill level 4 in Fighting
   865 | D:4      | Reached XP level 4. HP: 19/44 MP: 5/7
   865 | D:4      | Reached XP level 5. HP: 21/50 MP: 5/8
   906 | D:4      | Noticed Duvessa
   906 | D:4      | Noticed Dowan
   921 | D:4      | Killed Dowan
   933 | D:4      | Slain by Duvessa

Vault maps used:
D:1:      dpeg_arrival_simpleton_c, serial_glass, glass_columns_c,
          glass_columns_a, minmay_misc_feat_nine_boxes
D:2:      overflow_temple_1_default
D:3:      ashenzari_conservatory_becter, ecumenical_altar_1, tso_altar
D:4:      grunt_temple_overflow_champion_of_chaos, lemuel_doored_altar,
          hangedman_decor_opposing, uniq_duvessa

Action                   |  1- 3 |  4- 6 || total
-------------------------+-------+-------++-------
Melee: Mace              |   105 |    21 ||   126
Invok: Bend Space        |     3 |       ||     3
 Abil: Device Recharging |       |     1 ||     1
Evoke: Wand              |     4 |     3 ||     7
